 Dungeon Crawl Stone Soup version 0.23-a0-136-g722f094 (webtiles) character file.

46 galech the Skirmisher (level 3, 0/45 HPs)
             Began as a Demonspawn Berserker on Aug 28, 2018.
             Was a Follower of Trog.
             Slain by a kobold
             ... wielding a +0 quarterstaff
              (5 damage)
             ... on level 2 of the Dungeon.
             The game lasted 00:01:17 (1256 turns).

galech the Skirmisher (Demonspawn Berserker)        Turns: 1256, Time: 00:01:17

Health: 0/45       AC:  2    Str: 22    XL:     3   Next: 46%
Magic:  3/3        EV:  9    Int:  8    God:    Trog [*.....]
Gold:   11         SH:  0    Dex: 15    Spells: 2/2 levels left

rFire    . . .     SeeInvis +   a - +0 hand axe
rCold    . . .     Gourm    .   (no shield)
rNeg     . . .     Faith    .   b - +0 animal skin
rPois    .         Spirit   .   (no helmet)
rElec    .         Reflect  .   (no cloak)
rCorr    .         Harm     .   (no gloves)
MR       .....                  (no boots)
Stlth    ..........             (no amulet)
HPRegen  0.15/turn              e - ring of see invisible
MPRegen  0.08/turn              f - -3 ring of evasion (curse)

@: berserking, very quick
A: thin skeletal structure 1
a: Berserk, Renounce Religion


You were on level 2 of the Dungeon.
You worshipped Trog.
Trog was aware of your devotion.
You were not hungry.

You visited 1 branch of the dungeon, and saw 2 of its levels.

You collected 11 gold pieces.

Inventory:

Hand Weapons
 a - a +0 hand axe (weapon)
Armour
 b - a +0 animal skin (worn)
Jewellery
 e - a ring of see invisible (left hand)
 f - a cursed -3 ring of evasion (right hand)
Scrolls
 g - a scroll of remove curse {unknown}
Comestibles
 c - a ration
 d - a chunk of flesh


   Skills:
 + Level 3.8 Fighting
 + Level 3.1 Axes
 + Level 2.0 Armour
 + Level 2.0 Dodging
 + Level 0.4 Stealth


You had 2 spell levels left.
You didn't know any spells.
Your spell library was empty.

Dungeon Overview and Level Annotations

Branches:
Dungeon (2/15)

Altars:


Innate Abilities, Weirdness & Mutations

You have a somewhat thin skeletal structure. (Dex +2, Stealth)


Message History

You start resting.
The kobold is too close now for your liking.
No target in view!
No target in view!
There is an open door here.
The kobold shouts!
You hit the kobold but do no damage.
The kobold hits you with a quarterstaff!
* * * LOW HITPOINT WARNING * * *
You are too injured to fight recklessly!
You are too injured to fight recklessly!
You are too injured to fight recklessly!
A red film seems to cover your vision as you go berserk!
You feel yourself moving faster!
You feel mighty!
You feel quite a bit more hungry.
The kobold hits you with a quarterstaff!
* * * LOW HITPOINT WARNING * * *
You barely miss the kobold.
The kobold hits you with a quarterstaff.
You die...

... .. .......
#.......# .......##
#.......# ........#
#.......#
.....#.####.......#
................#
######.#..# #.......#
##......(..###K......#
.............'@......+
######รท..#.##.......#
##.....########.
.#########..##.#
.....)..###.##.#
######.###..#.#
#......>......#
#......##.....#
#########.....###


You could see a kobold.

Vanquished Creatures
  2 adders (D:2)
  A worm (D:2)
  3 leopard geckos
  A giant cockroach (D:1)
  7 goblins (D:1)
  A hobgoblin (D:1)
  A bat (D:1)
  3 frilled lizards
  2 kobolds (D:1)
  2 rats
23 creatures vanquished.

Notes
Turn   | Place    | Note
-------+----------+-------------------------------------------
     0 | D:1      | galech the Demonspawn Berserker began the quest for the
                  | Orb.
     0 | D:1      | Reached XP level 1. HP: 18/18 MP: 1/1
   104 | D:1      | Gained mutation: You have a somewhat thin skeletal
                  | structure. (Dex +2, Stealth) [demonic ancestry]
   104 | D:1      | Reached XP level 2. HP: 17/24 MP: 2/2
  1188 | D:2      | Reached XP level 3. HP: 28/30 MP: 3/3
  1256 | D:2      | Slain by a kobold

Vault maps used:
D:1:      minmay_arrival_arboretum_small
D:2:      minitemple, nicolae_overflow_hidden_temple, first_ration

Skill      XL: |  1  2  3 |
---------------+----------+-----
Axes           | 3 |  3.1
Dodging        | 2 |  2.0
Armour         | 2 |  2.0
Fighting       | |  3.8
Stealth        | |  0.4

Action                   || total
-------------------------++-------
Melee: Hand axe          ||    47
Invok: Berserk           ||     3
 Stab: Sleeping          ||     2
  Eat: Chunk             ||     3
Armor: Animal skin       ||     4
Dodge: Dodged            ||    16

Table legend:
 A = Non-vault XP
 B = Vault XP
 C = Vault XP percentage of total XP
 D = Non-vault monster count
 E = Vault monster count
 F = Vault count percentage of total count
                 A         B        C        D         E       F
            +---------+---------+-------+---------+---------+-------
      Total |      67 |       0 |   0.0 |      23 |       0 |   0.0
            +---------+---------+-------+---------+---------+-------
        D:1 |      31 |       0 |   0.0 |      17 |       0 |   0.0
        D:2 |      36 |       0 |   0.0 |       6 |       0 |   0.0
            +---------+---------+-------+---------+---------+-------
